Map: Abiogenesis LE

Players

fruitcake - Winner!

  • Race: Terran Terran
  • Spawn Location: 11:00

A.I. 1 (Elite)

  • Race: Zerg Zerg
  • Spawn Location: 5:00

VOD

Have the link to the VOD?

Description

Time

  • Played on: May 5, 2018, 8:29 p.m.
  • Length: 13:00
Show
View Real Time Build Order
Export as new Build Order

fruitcake Terran - Winner!

Build Orders: MMM Bio 

Get SALT Encoding   

  12  0:01  SCV  
  13  0:14  Supply Depot  
  13  0:18  SCV  
  14  0:25  Refinery  
  14  0:30  SCV  
  15  0:42  SCV  
  16  0:52  Barracks  
  16  0:54  SCV  
  17  1:06  SCV  
  18  1:18  SCV  
  18  1:19  Barracks  
  19  1:31  SCV  
  20  1:39  Marine  
  21  1:48  SCV  
  21  1:49  Supply Depot  
  22  1:57  Marine  
  23  2:12  Barracks Reactor  
  23  2:20  Barracks Tech Lab  
  23  2:24  Supply Depot  
  23  2:27  Refinery  
  23  2:38  Orbital Command  
  23  2:41  Marauder  
  25  2:48  Marine  
  25  2:49  Marine  
  27  3:02  Marauder  
  29  3:07  Command Center  
  29  3:14  SCV  
  30  3:21  Marine x2  
  30  3:26  Marauder  
  34  3:27  Stimpack  
  34  3:31  Engineering Bay  
  34  3:35  Supply Depot  
  34  3:40  Marine x2  
  36  3:50  Marauder  
  36  3:54  SCV  
  39  4:02  Marine x2  
  39  4:08  Terran Infantry Weapons Level 1  
  41  4:10  Supply Depot  
  41  4:15  Supply Depot  
  41  4:16  Marauder  
  43  4:22  SCV x2  
  45  4:24  Marine  
  45  4:27  Marine  
  47  4:37  Barracks  
  47  4:51  SCV  
  48  4:53  SCV  
  49  5:02  Marine, Supply Depot  
  49  5:05  Marauder  
  52  5:15  SCV  
  52  5:17  SCV  
  54  5:24  Marine x2  
  54  5:26  Marauder  
  54  5:28  SCV, Concussive Shells  
  59  5:29  SCV  
  60  5:41  Marine, Barracks Reactor  
  60  5:42  Marine  
  62  5:48  Marauder  
  64  5:51  Barracks  
  64  5:59  Marine x2  
  64  6:02  SCV x2, Terran Infantry Armor Level 1  
  68  6:09  Marauder  
  70  6:17  Marine x4  
  74  6:24  Combat Shields  
  74  6:31  Marauder  
  76  6:33  Supply Depot  
  76  6:34  Supply Depot  
  76  6:35  Marine x4  
  80  6:40  Barracks Reactor  
  80  6:42  SCV  
  81  6:50  Factory  
  81  6:52  Marauder  
  81  6:53  Marine  
  84  6:54  SCV  
  84  7:01  Marine x3  
  86  7:06  SCV  
  89  7:10  Marine  
  89  7:13  Refinery x2, Marauder  
  92  7:17  Marine x2  
  92  7:19  Marine x3  
  97  7:24  Supply Depot  
  97  7:27  Supply Depot  
  97  7:28  Marine  
  98  7:32  SCV x2  
  98  7:35  Marauder  
  102  7:40  Supply Depot  
  102  7:45  Marine x5  
  102  7:46  Armory  
  102  7:47  Marine  
  102  7:50  Factory Reactor  
  102  7:51  Factory Tech Lab  
  108  7:56  SCV, Marauder  
  111  8:03  Marine x2  
  113  8:08  SCV  
  113  8:10  Marine x2  
  113  8:11  Marine  
  117  8:17  Marauder  
  119  8:20  Supply Depot  
  119  8:21  Supply Depot  
  119  8:22  Siege Tank  
  122  8:37  Starport  
  122  8:38  Terran Vehicle Weapons Level 1  
  122  8:39  Marauder  
  122  8:41  Planetary Fortress  
  124  8:42  Marine  
  124  8:43  Marine  
  124  8:45  Marine  
  124  8:47  Marine  
  128  9:00  Marauder  
  128  9:01  Siege Tank  
  133  9:12  Marine  
  126  9:22  Marauder  
  103  9:33  Siege Tank  
  97  9:43  Marauder  
  97  9:44  Marine x2  
  97  9:45  Marine x3  
  99  9:46  Marine  
  91  10:02  Marine x3  
  91  10:03  Marine x3  
  91  10:04  Marauder  
  91  10:05  Siege Tank  
  91  10:20  Marine x3  
  91  10:21  Marine x3  
  93  10:26  Marauder  
  96  10:38  Marine x3, Siege Tank  
  96  10:39  Marine x3  
  103  10:47  Marauder  
  105  10:55  Marine  
  105  10:56  Marine x3  
  108  10:57  Marine x2  
  111  11:09  Marauder  
  111  11:10  Siege Tank  
  116  11:13  Marine x2  
  116  11:14  Marine x2  
  116  11:15  Marine x2  
  116  11:30  Marauder  
  116  11:31  Marine  
  119  11:35  Marine x4  
  119  11:36  Marine  
  124  11:42  Siege Tank  
  127  11:49  Marine  
  127  11:51  Marauder  
  127  11:53  Marine x5  
  135  12:07  Marine  
  136  12:11  Marine x5  
  141  12:20  Supply Depot  
  141  12:23  Supply Depot  
  141  12:25  Marine  
  141  12:26  Supply Depot  
  142  12:41  Marine x3  
Show
View Real Time Build Order
Export as new Build Order

A.I. 1 (Elite) Zerg 

Build Orders: Pool First 

Get SALT Encoding   

  12  0:00  Drone  
  13  0:12  Overlord  
  13  0:16  Drone  
  14  0:31  Drone x2  
  14  0:34  Drone  
  17  0:47  Spawning Pool  
  17  0:48  Drone  
  17  1:12  Hatchery  
  17  1:13  Drone  
  17  1:16  Extractor  
  16  1:18  Drone  
  16  1:21  Extractor  
  16  1:24  Drone  
  17  1:28  Drone  
  18  1:38  Drone  
  19  1:49  Overlord  
  19  1:55  Queen  
  19  2:01  Zergling x2  
  22  2:11  Drone  
  22  2:21  Drone  
  23  2:30  Queen  
  23  2:35  Drone  
  26  2:41  Drone  
  27  2:45  Drone  
  27  2:49  Drone  
  29  3:03  Drone, Roach Warren  
  29  3:06  Drone  
  29  3:08  Zergling x2  
  32  3:12  Zergling x2  
  32  3:18  Overlord  
  32  3:21  Drone  
  32  3:25  Drone  
  34  3:43  Roach  
  34  3:44  Roach x3  
  42  3:49  Lair  
  42  3:54  Overlord  
  42  3:59  Overlord  
  42  4:02  Zergling x2  
  43  4:05  Zergling x2  
  44  4:12  Zergling x2, Drone  
  44  4:13  Drone  
  44  4:15  Drone  
  48  4:18  Drone  
  48  4:21  Drone  
  50  4:24  Roach  
  50  4:28  Roach  
  54  4:33  Overlord  
  54  4:41  Drone  
  54  4:43  Drone  
  54  4:45  Drone  
  57  4:47  Drone  
  57  4:50  Infestation Pit, Drone  
  58  4:54  Overlord  
  58  4:57  Overlord  
  58  5:01  Roach  
  58  5:07  Hydralisk Den  
  59  5:11  Drone  
  59  5:12  Drone  
  61  5:14  Drone  
  61  5:16  Drone  
  61  5:18  Drone  
  61  5:20  Drone  
  65  5:22  Drone  
  65  5:23  Drone  
  65  5:26  Drone  
  65  5:28  Drone  
  69  5:29  Drone  
  69  5:31  Drone  
  69  5:34  Infestor  
  73  5:37  Hydralisk  
  73  5:38  Overlord  
  73  5:41  Hydralisk  
  77  5:44  Hydralisk  
  77  5:47  Infestor  
  77  5:49  Roach  
  83  5:56  Roach, Overlord  
  85  6:03  Metabolic Boost  
  85  6:06  Evolution Chamber  
  85  6:07  Drone  
  85  6:15  Hatchery, Evolution Chamber  
  83  6:23  Drone  
  83  6:24  Drone  
  85  6:27  Evolution Chamber  
  85  6:28  Drone  
  85  6:32  Zerg Ground Armor Level 1, Spire  
  84  6:38  Extractor  
  84  6:39  Drone  
  84  6:41  Zerg Melee Weapons Level 1  
  84  6:42  Extractor  
  84  6:43  Drone  
  84  6:53  Zerg Missile Weapons Level 1  
  84  6:57  Spine Crawler  
  84  6:59  Spine Crawler  
  84  7:00  Drone  
  83  7:02  Drone x3  
  83  7:04  Drone x3, Overlord  
  89  7:16  Overseer, Ravager  
  89  7:19  Roach  
  92  7:26  Ravager  
  92  7:27  Queen  
  92  7:28  Roach, Drone x3, Overlord  
  92  7:29  Drone x3  
  103  7:30  Drone  
  103  7:32  Drone  
  103  7:34  Drone  
  103  7:36  Drone  
  107  7:38  Drone  
  107  7:39  Drone, Extractor  
  107  7:41  Drone  
  107  7:42  Drone  
  110  7:46  Glial Reconstitution  
  110  7:48  Overlord  
  110  7:50  Mutalisk  
  110  7:51  Drone x2  
  114  7:52  Drone x2  
  114  7:54  Drone  
  117  7:59  Drone  
  117  8:01  Drone, Pneumatized Carapace  
  117  8:02  Drone  
  120  8:09  Spore Crawler  
  120  8:10  Overlord  
  120  8:12  Drone x2  
  121  8:13  Spore Crawler  
  121  8:19  Mutalisk, Drone  
  125  8:20  Mutalisk, Roach  
  125  8:22  Hydralisk  
  129  8:27  Mutalisk  
  129  8:28  Mutalisk, Overlord  
  133  8:34  Mutalisk  
  133  8:35  Extractor  
  133  8:37  Drone  
  135  8:42  Mutalisk  
  135  8:47  Overlord  
  137  8:53  Zerg Melee Weapons Level 2  
  137  8:55  Spine Crawler  
  137  8:58  Drone x2  
  138  9:04  Zerg Missile Weapons Level 2  
  138  9:06  Overlord  
  138  9:11  Queen  
  138  9:12  Zergling x10  
  138  9:13  Baneling Nest, Zergling x4  
  138  9:14  Mutalisk, Zergling x2, Drone  
  138  9:15  Zergling x2  
  132  9:18  Roach  
  132  9:19  Zergling x2  
  132  9:20  Roach x2  
  132  9:21  Roach  
  132  9:22  Hatchery  
  132  9:23  Roach  
  105  9:24  Hydralisk  
  105  9:28  Hydralisk  
  105  9:31  Hydralisk  
  107  9:34  Zergling x2  
  107  9:35  Zergling x2, Overseer  
  107  9:36  Roach  
  107  9:38  Roach, Zergling x2  
  108  9:39  Zergling x2  
  108  9:41  Roach, Drone  
  89  9:48  Zergling x2, Drone  
  89  9:49  Zergling x2, Drone  
  89  9:52  Drone  
  81  9:53  Drone  
  81  9:54  Hydralisk  
  81  9:55  Roach, Drone  
  81  9:59  Roach  
  76  10:03  Hydralisk  
  76  10:05  Drone  
  69  10:09  Roach  
  69  10:11  Zergling x2  
  69  10:13  Zergling x2  
  66  10:15  Roach  
  66  10:19  Roach  
  61  10:25  Roach  
  53  10:29  Zergling x2, Baneling  
  49  10:35  Roach  
  15  11:28  Drone x2  
  14  11:35  Drone  
  14  11:43  Drone  
  14  11:49  Drone  
  14  12:01  Drone  
  14  12:07  Drone  
  8  12:43  Drone  
  8  12:45  Drone  
Tags
 
Composition
MMM Bio
Matchup
TvZ
Opening
Pool First
Spawn Locations
Cross Positions
Add a new tag
Caveats
  • Supply blocks, unpowered buildings, or Contaminate may cause inaccurate times.
  • Supply counts are checked every 10 seconds.